Match 45465420
Unlisted

Match 45465420
End
Scout Squad
Construct Barracks
Riflemen Squad
Riflemen Squad
Grenade Package
M1 Mortar Team
Construct Medical Station
Infantry Support Center
Engineer Squad
Riflemen Squad
Construct Motor Pool
M8 Greyhound Armored Car
M1918 Browning Automatic Rifles
M1 Anti-tank Gun Team
Selects Advanced Infantry Battlegroup
Selects Convert to Ranger Squad
Selects Frontline Medical Station
Riflemen Squad
Construct Tank Depot
M18 Hellcat Tank Destroyer
M18 Hellcat Tank Destroyer
Engineer Squad
M18 Hellcat Tank Destroyer
Selects Infantry Assault
Infantry Assault
M18 Hellcat Tank Destroyer
Selects Ammunition Storage
Selects M2A1 105mm Howitzer Emplacement
Selects 155mm Rapid Artillery Barrage
M4(105) Sherman Bulldozer
Selects 155mm Rapid Artillery Barrage
155mm Rapid Artillery Barrage
Sparkle
Mo-J
Wheeler
ChaBoi
aukim4897
조영
0
0

Comments sign in to comment!

No comments posted yet!